 Dungeon Crawl Stone Soup version 0.30-a0-612-g150a0467c1 (webtiles) character file.

Game seed: 5996486591424894133

64 kae the Insei (level 3, 0/26 HPs)
             Began as a Demonspawn Transmuter on Jan 8, 2023.
             Slain by a kobold
             ... wielding a +0 dagger of venom
              (4 damage)
             ... on level 2 of the Dungeon.
             The game lasted 00:01:10 (1143 turns).

kae the Insei (Demonspawn Transmuter)               Turns: 1143, Time: 00:01:10

Health: 0/26       AC:  2    Str: 10    XL:     3   Next: 91%
Magic:  3/6        EV: 19    Int: 16    God:
Gold:   71         SH:  0    Dex: 18    Spells: 1/7 levels left

rFire   . . .      SeeInvis .      - Unarmed
rCold   . . .      Faith    .    (shield currently unavailable)
rNeg    . . .      Spirit   .    (body armour currently unavailable)
rPois   x          Reflect  .    (helmet currently unavailable)
rElec   .          Harm     .    (cloak currently unavailable)
rCorr   .          Rampage  .    (gloves currently unavailable)
Will    .....                    (boots currently unavailable)
Stlth   ++                       (no amulet)
HPRegen 0.24/turn                (no ring)
MPRegen 0.10/turn                (no ring)

@: spider-form (expiring)
A: venomous fangs, tiny, (hooves 1), demonic guardian 1
a: End Transformation


You were on level 2 of the Dungeon.
You were a venomous arachnid creature.
You visited 1 branch of the dungeon, and saw 2 of its levels.

You collected 71 gold pieces.


Innate Abilities, Weirdness & Mutations

You are a venomous arachnid creature.
You have venomous fangs.
You are tiny and dextrous.
Your spellcasting is less reliable in this form.
Your armour is entirely melded.
You are incapable of wielding weapons or throwing items.
((You have large cloven feet.))
A weak demonic guardian rushes to your aid.


   Skills:
 - Level 1.0 Fighting
 - Level 1.7 Dodging
 + Level 3.1 Unarmed Combat
 + Level 2.5 Spellcasting
 * Level 2.9 Transmutations
 * Level 0.8 Poison Magic


You had one spell level left.
You knew the following spells:

 Your Spells              Type           Power      Damage    Failure   Level
a - Beastly Appendage     Tmut           22%        N/A       17%         1
b - Wereblood             Tmut           11%        N/A       22%         2
c - Spider Form           Tmut/Pois      8%         N/A       47%         3

Your spell library contained the following spells:

 Spells                   Type           Power      Damage    Failure   Level
 Slow                     Hex            8%         N/A       41%         1
 Confusing Touch          Hex            2%         N/A       73%         3
 Vampiric Draining        Necr           2%         2d6       73%         3
 Ice Form                 Ice/Tmut       6%         N/A       87%         4

Inventory:

Missiles
 d - 30 stones
 e - 6 silver javelins
Armour
 a - a +0 robe (melded)
Jewellery
 D - a +6 ring of dexterity
   (You found it on level 2 of the Dungeon)
Scrolls
 f - a scroll of amnesia {unknown}
 g - a scroll of identify {unknown}
 h - a scroll of teleportation {unknown}
 j - a scroll of fear {unknown}
 m - a scroll of vulnerability {unknown}
Potions
 b - a potion of lignification {!q}
 c - a potion of flight {unknown}
 i - 4 potions of mutation {unknown}
 k - 2 potions of curing {unknown}
 l - a potion of berserk rage {unknown}

Dungeon Overview and Level Annotations

Branches:
Dungeon (2/15) Zot: 10860

Altars:

Annotations:
D:2 Jessica

###### #....# #....#
####....## ........)#
### ..##.###.######.#
######
..##.##.......#.##......
..#.....####..#..K5.....
..#............)s@......
###...........####.#####
.....##.#..##.# #
...#.......##.#
.....#........#
...........##.#
#....##....##.##
..#............
#.....####.#.#


You could see Jessica (fast, very poisoned, ally target), a kobold and a
friendly ufetubus (summoned).


Message History

You start resting.
Your magical contamination has completely faded away. 😎 MP[+1]
You start resting. 😎 MP[+4]
You regained 4 mp, and now have 5/6 mp.
Casting: Spider Form (extremely dangerous; 34% risk of failure)
Confirm with . or Enter, or press ? or * to list all spells.
The spell is extremely dangerous to miscast (34% risk of failure)!
Continue anyway? [Y]es or [N]o only, please.
The spell is extremely dangerous to miscast (34% risk of failure)!
Continue anyway?
You turn into a venomous arachnid creature.
Your +0 robe melds into your body. 😎 MP[-3]
You lost 3 mp, and now have 2/6 mp.
Terence hits you with a +0 mace. 😕 HP[-6]
You take 6 damage, and now have 20/26 hp.
MASSIVE DAMAGE!! (PAUSE)
You hit Terence but do no damage.
Terence is poisoned.
Terence hits you with a +0 mace!
* * * LOW HITPOINT WARNING * * *
😨 HP[-7]
You take 7 damage, and now have 13/26 hp.
MASSIVE DAMAGE!! (PAUSE)
You hit Terence.
Terence looks as sick as possible!
Terence misses you.
Unknown command.
You hit Terence but do no damage.
Terence looks as sick as possible!
Terence closely misses you. 😮 HP[+1]
You hit Terence but do no damage. Terence misses you.
Unknown command.
You hit Terence but do no damage.
Terence looks as sick as possible!
You kill Terence!
Things that are here:
a +0 mace; a +0 scale mail Unknown command.
Your transformation is almost over.
Your transformation has ended.
Your +0 robe unmelds from your body. 😮 HP[+3] MP[+1]
You regained 3 hp, and now have 17/26 hp.
Key pressed, stopping explore.
Unknown command. 😕 HP[+5] MP[+2]
You regained 5 hp, and now have 22/26 hp.
You regained 2 mp, and now have 5/6 mp.
Jessica and a kobold come into view.
Jessica is wielding a +0 dagger and carrying a wand of flame (28).
Jessica shouts! 😎 HP[+4] MP[+1]
Your hp is fully restored (26).
Your mp is fully restored (6).
There are monsters nearby!
Casting: Spider Form (extremely dangerous; 28% risk of failure)
Confirm with . or Enter, or press ? or * to list all spells.
The spell is extremely dangerous to miscast (28% risk of failure)!
Continue anyway? [Y]es or [N]o only, please.
The spell is extremely dangerous to miscast (28% risk of failure)!
Continue anyway?
You turn into a venomous arachnid creature.
Your +0 robe melds into your body.
Jessica mumbles some strange words.
Jessica blinks!
The kobold throws a stone.
The stone hits you but does no damage. 😎 MP[-3]
You lost 3 mp, and now have 3/6 mp.
The kobold hits you with a +0 short sword.
You hit the kobold but do no damage.
The kobold is poisoned.
A kobold comes into view. It is wielding a +0 dagger of venom.
Jessica casts a spell.
Jessica seems to speed up.
The kobold closely misses you. 😕 HP[-3]
You take 3 damage, and now have 23/26 hp.
The kobold shouts!
You hit the kobold.
You kill the kobold!
The kobold throws a stone.
The stone barely misses you.
Jessica zaps a wand.
The puff of flame hits you.
The kobold throws a stone.
The stone closely misses you.
Things that are here:
a +0 short sword; 5 stones; a kobold corpse 😮 HP[-4]
You take 4 damage, and now have 19/26 hp.
Jessica zaps a wand.
The puff of flame hits you!
* * * LOW HITPOINT WARNING * * *
A demonic guardian appears!
You barely miss Jessica. Jessica barely misses you.
Your ufetubus barely misses Jessica.
Your ufetubus closely misses Jessica.
Jessica hits you with a +0 dagger.
* * * LOW HITPOINT WARNING * * *
😱 HP[-13]
You take 13 damage, and now have 6/26 hp.
MASSIVE DAMAGE!! (PAUSE)
You hit Jessica.
Jessica is poisoned.
Your transformation is almost over.
Your ufetubus misses Jessica. x2; Jessica hits you with a +0 dagger.
* * * LOW HITPOINT WARNING * * *
The kobold hits you with a +0 dagger of venom.
You die...

Skill      XL: |  1  2 |
---------------+-------+-----
Transmutations | 2 |  2.9
Unarmed Combat | 3 |  3.1
Fighting       | |  1.0
Dodging        | |  1.7
Spellcasting   | |  2.5
Poison Magic   | |  0.8

Action                   || total
-------------------------++-------
Melee: Unarmed           ||    80
       Kick              ||    22
       Headbutt          ||     6
       Punch             ||     1
 Cast: Beastly Appendage ||    19
       Spider Form       ||     2
 Stab: Sleeping          ||     1
Armor: Robe              ||    12
       Skin              ||     1
Dodge: Dodged            ||    67

Levels and vault maps discovered:
D:1:      sevenhm_arrival_forest_fort_small_3, layout_loops_cross,
          grunt_decor_fettered
D:2:      layout_basic, serial_forest, infiniplex_forest_fountain,
          infiniplex_forest_clump_curved, infiniplex_forest_clump_long,
          infiniplex_forest_pool, infiniplex_forest_lined_3,
          infiniplex_forest_split, basic_altar, uniq_terence, uniq_jessica

Notes
Turn   | Place    | Note
-------+----------+-------------------------------------------
     0 | D:1      | kae the Demonspawn Transmuter began the quest for the Orb.
     0 | D:1      | Reached XP level 1. HP: 15/15 MP: 3/3
     0 | D:1      | magus.rc [v1.11.3]
   152 | D:1      | Reached skill level 2 in Transmutations
   221 | D:1      | You pick up a book of Debilitation and begin reading...
   221 | D:1      | You add the spells Slow, Vampiric Draining and Confusing
                  | Touch to your library.
   381 | D:1      | Gained mutation: A weak demonic guardian rushes to your
                  | aid. [demonic ancestry]
   381 | D:1      | Reached XP level 2. HP: 21/21 MP: 3/5
   812 | D:2      | Reached skill level 3 in Unarmed Combat
   843 | D:2      | Lost mutation: You have razor-sharp toenails. [demonic
                  | ancestry]
   843 | D:2      | Lost mutation: You have sharp toenails. [demonic ancestry]
   843 | D:2      | Gained mutation: You have large cloven feet. [demonic
                  | ancestry]
   843 | D:2      | Reached XP level 3. HP: 26/26 MP: 3/6
   848 | D:2      | Learned a level 2 spell: Wereblood
   852 | D:2      | Learned a level 3 spell: Spider Form
   992 | D:2      | Noticed Terence
  1084 | D:2      | Killed Terence
  1135 | D:2      | Noticed Jessica
  1142 | D:2      | HP: 6/26 [Jessica/+0 dagger (3)]
  1143 | D:2      | Slain by a kobold

Vanquished Creatures
  Terence (D:2)
  3 dart slugs
  2 ball pythons (D:1)
  2 bats (D:2)
  2 endoplasms
  A giant cockroach (D:1)
  5 goblins
  2 hobgoblins (D:1)
  4 jackals (D:2)
  2 kobolds
  A quokka (D:1)
  3 frilled lizards (D:1)
  A rat (D:1)
29 creatures vanquished.

Vanquished Creatures (collateral kills)
  A bat (D:2)
  A kobold (D:1)
2 creatures vanquished.

Vanquished Creatures (others)
  2 plants (D:2)
2 creatures vanquished.

Grand Total: 33 creatures vanquished

Table legend:
 A = Non-vault XP
 B = Vault XP
 C = Vault XP percentage of total XP
 D = Non-vault monster count
 E = Vault monster count
 F = Vault count percentage of total count
                 A         B        C        D         E       F
            +---------+---------+-------+---------+---------+-------
      Total |      60 |      32 |  34.8 |      30 |       1 |   3.2
            +---------+---------+-------+---------+---------+-------
        D:1 |      33 |       0 |   0.0 |      18 |       0 |   0.0
        D:2 |      27 |      32 |  54.2 |      12 |       1 |   7.7
            +---------+---------+-------+---------+---------+-------

Illustrated notes

Table legend:
 A = Kills in this place as a percentage of kills in entire the game.
 B = Kills by you in this place as a percentage of kills by you in the entire game.
 C = Kills by friends in this place as a percentage of kills by friends in the entire game.
 D = Other kills in this place as a percentage of other kills in the entire game.
 E = Experience gained in this place as a percentage of experience gained in the entire game.
 F = Experience gained in this place divided by the number of levels of this place that you have seen.
                   A       B       C       D       E      F
               +-------+-------+-------+-------+-------+----------------------
         Total | 100.0 | 100.0 | 100.0 |   N/A | 100.0 |  46.0
       Dungeon | 100.0 | 100.0 | 100.0 |   N/A | 100.0 |  46.0
               +-------+-------+-------+-------+-------+----------------------

Table legend: (Time is in decaauts)
 A = Elapsed time spent in this place.
 B = Non-inter-level travel time spent in this place.
 C = Inter-level travel time spent in this place.
 D = Time resting spent in this place.
 E = Time spent auto-exploring this place.
 F = Levels seen in this place.
 G = Mean time per level.
                   A        B        C        D        E       F      G
               +--------+--------+--------+--------+--------+-----+--------+
         Total |   1139 |   1114 |     25 |     71 |    812 |   2 |  569.5 |
       Dungeon |   1139 |   1114 |     25 |     71 |    812 |   2 |  569.5 |
               +--------+--------+--------+--------+--------+-----+--------+

Top non-repeatable levels by time:
     D:1: 805 daAuts
     D:2: 334 daAuts
